Blues vs Oilers
Created - November 10, 2025 at 19:28
Goals
|
| Blues |
2 |
3 |
0 |
5 |
| Oilers |
2 |
2 |
2 |
6 |
|
Shots
|
| Blues |
10 |
11 |
10 |
31 |
| Oilers |
9 |
14 |
11 |
34 |
|
1st period
1. Blues , Tyler Toffoli 1 (Dominik Simon 1, Jordan Kyrou 1) at 4:59
2. Oilers , Frederik Gauthier 1 (Brandon Saad 1) at 9:24
3. Oilers , Jason Robertson 1 (David Pastrnak 1, Connor McDavid 1) at 10:13 (PP)
4. Blues , Wayne Simmonds 1 (Seth Jones 2, Rourke Chartier 1) at 19:38
Penalties :
Filip Forsberg (Stl) for Holding (Minor) at 0:22, Jamie McBain (Edm) for Cross-checking (Minor) at 5:02, Ethan Bear (Stl) for Interference (Minor) at 10:01, Nikita Kucherov (Edm) for Roughing (Minor) at 13:09
2nd period
5. Blues , Jordan Kyrou 2 (Dominik Simon 2, Seth Jones 3) at 1:03
6. Oilers , Tyson Jost 1 (Jamie McBain 1, Adam Erne 1) at 12:58
7. Oilers , Frederik Gauthier 2 (Jamie McBain 2, Brandon Saad 2) at 14:59
8. Blues , Nathan MacKinnon 1 (Filip Forsberg 1, Ethan Bear 1) at 15:16
9. Blues , Dominik Simon 1 (Tyler Toffoli 1, Jordan Kyrou 2) at 18:53
Penalties :
David Pastrnak (Edm) for Roughing (Minor) at 3:13, Marco Scandella (Edm) for Holding (Minor) at 7:38
3rd period
10. Oilers , David Pastrnak 1 (Jamie McBain 3, Marco Scandella 1) at 9:31 (PP)
11. Oilers , Jason Robertson 2 (Jamie McBain 4, David Pastrnak 2) at 18:16
Penalties :
Brandon Montour (Edm) for Boarding (Minor) at 2:04, Jordan Kyrou (Stl) for Goalie Interference (Minor) at 8:10, Jamie McBain (Edm) for Slashing (Minor) at 9:55, Ethan Bear (Stl) for Hooking (Minor) at 18:40
Goalie Stats
Jake Oettinger (Stl), 28 saves from 34 shots - (0.824), L, 0-2-0, 60:00 minutes
Alexandar Georgiev (Edm), 26 saves from 31 shots - (0.839), W, 2-0-0, 60:00 minutes
Players Stats for Blues
Player Name G A P +/- PIM S H SB GA TA FO MP PP MP PK MP
------------------------------------------------------------------------------------
Cody Ceci 0 0 0 1 0 0 1 1 0 2 0/0 18:43 0:00 3:14
Dominik Simon 1 2 3 2 0 5 1 1 0 0 0/1 17:47 5:06 0:18
Ethan Bear 0 1 1 1 4 0 1 3 0 0 0/0 17:48 0:00 0:00
Filip Forsberg 0 1 1 0 2 2 0 0 1 1 2/2 22:09 6:48 0:00
Jeremy Lauzon 0 0 0 -1 0 1 0 0 2 2 0/0 18:45 7:35 1:37
Joachim Blichfeld 0 0 0 -1 0 3 0 0 0 0 0/1 10:31 0:00 0:00
Jordan Kyrou 1 2 3 2 2 2 1 0 2 0 0/0 19:10 6:27 0:00
Josh Morrissey 0 0 0 -1 0 3 0 1 0 0 0/0 19:04 4:19 3:14
Jujhar Khaira 0 0 0 -1 0 3 0 0 0 0 0/0 12:17 0:00 1:21
Nathan MacKinnon 1 0 1 0 0 3 2 0 0 0 16/38 21:58 6:48 0:13
Nikolaj Ehlers 0 0 0 0 0 1 5 0 2 0 0/1 19:42 5:06 0:00
Pierre Engvall 0 0 0 0 0 0 1 0 0 0 0/1 8:16 0:00 3:17
Rourke Chartier 0 1 1 0 0 0 0 0 0 0 1/2 5:20 0:21 0:00
Seth Jones 0 2 2 1 0 1 1 0 1 0 0/0 26:01 7:35 0:00
Travis Sanheim 0 0 0 1 0 2 1 0 0 0 0/0 19:37 4:19 1:37
Tyler Toffoli 1 1 2 2 0 3 2 2 1 1 7/18 20:46 5:06 3:17
Vincent Trocheck 0 0 0 -1 0 0 0 0 0 0 6/11 12:12 0:00 1:16
Wayne Simmonds 1 0 1 0 0 2 1 1 0 0 0/0 4:59 0:00 0:00
Players Stats for Oilers
Player Name G A P +/- PIM S H SB GA TA FO MP PP MP PK MP
------------------------------------------------------------------------------------
Adam Erne 0 1 1 1 0 1 0 0 0 0 0/0 7:36 0:00 0:53
Andrew Mangiapane 0 0 0 1 0 2 1 0 1 1 0/2 9:50 0:00 0:00
Brandon Montour 0 0 0 1 2 0 1 0 0 1 0/0 27:20 3:20 3:57
Brandon Saad 0 2 2 1 0 3 4 2 0 0 0/0 16:51 0:00 6:55
Christian Fischer 0 0 0 1 0 2 0 0 0 0 0/0 6:28 0:00 0:00
Connor McDavid 0 1 1 -4 0 2 3 1 1 1 16/28 17:35 2:52 0:48
David Pastrnak 1 2 3 1 2 5 1 0 1 1 0/0 15:36 2:52 0:00
Frederik Gauthier 2 0 2 1 0 5 2 0 1 1 11/23 17:00 0:00 7:00
Jamie McBain 0 4 4 1 4 1 1 2 0 0 0/0 24:37 1:31 4:46
Jason Robertson 2 0 2 1 0 3 3 1 0 1 1/2 15:14 2:52 0:00
Leon Draisaitl 0 0 0 -4 0 2 1 1 0 0 3/3 20:13 1:59 4:00
Logan Stanley 0 0 0 0 0 0 0 0 0 0 0/0 9:00 0:00 0:00
Marco Scandella 0 1 1 -2 2 2 2 3 1 0 0/0 23:19 1:31 6:00
Marcus Pettersson 0 0 0 -2 0 1 0 1 1 2 0/0 22:10 3:20 4:36
Nicklas Backstrom 0 0 0 1 0 2 4 0 0 1 11/14 19:03 1:59 4:12
Nikita Kucherov 0 0 0 -4 2 0 0 0 0 0 1/2 15:46 1:59 0:00
Philippe Myers 0 0 0 0 0 0 1 2 0 0 0/0 13:53 0:00 4:29
Tyson Jost 1 0 1 1 0 3 0 0 0 0 0/1 6:28 0:00 0:00
3 Stars
1 - Jason Robertson (Edm)
2 - Frederik Gauthier (Edm)
3 - Dominik Simon (Stl)
Power Play
Blues - 0 on 7 Attempt(s) - 0.00%
Oilers - 2 on 3 Attempt(s) - 66.67%
Penalty Kill
Blues - 1 on 3 Attempt(s) - 33.33%
- Score 0 goal in Penalty Kill
Oilers - 7 on 7 Attempt(s) - 100.00%
- Score 0 goal in Penalty Kill
Team Stat
Blues - Hits : 17 - Faceoff Wins : 32 - Blocked Shots : 9 - Penalty Minutes : 8
Oilers - Hits : 24 - Faceoff Wins : 43 - Blocked Shots : 13 - Penalty Minutes : 12
Official
Referees : TJ Luxmore and Beaudry Halkidis
Linesman : Derek Amell and Kory Nagy
Game Notes
6:46 of 2nd period - Penalty Shot by Brandon Saad for Oilers - Stopped by Jake Oettinger
Finance
Level 1 -- Attendance: 5683 (94.72%) -- Ticket Income $568,300
Level 2 -- Attendance: 4679 (93.58%) -- Ticket Income $327,530
Level 3 -- Attendance: 1897 (94.85%) -- Ticket Income $75,880
Level 4 -- Attendance: 4000 (100.00%) -- Ticket Income $120,000
Luxury Box -- Attendance: 989 (98.90%) -- Ticket Income $197,800
Game was played at the Rodgers Place.
Total Attendance: 17248 (95.82%)
Total Ticket Income: $1,289,510
Other Income: $193,426
Total Income: $1,482,936
Blues
5 vs 5 Forward
Center Left Wing Right Wing Time % Phy DF OF
1 Nathan MacKinnon Filip Forsberg Nikolaj Ehlers 40 0 2 3
2 Tyler Toffoli Dominik Simon Jordan Kyrou 30 0 2 3
3 Vincent Trocheck Jujhar Khaira Joachim Blichfeld 20 1 2 2
4 Rourke Chartier Pierre Engvall Wayne Simmonds 10 0 3 2
5 vs 5 Defense
Defense Defense Time % Phy DF OF
1 Seth Jones Ethan Bear 40 1 2 2
2 Travis Sanheim Cody Ceci 30 1 2 2
3 Josh Morrissey Jeremy Lauzon 20 1 2 2
4 Josh Morrissey Cody Ceci 10 1 2 2
PowerPlay Forward
Center Left Wing Right Wing Time % Phy DF OF
1 Nathan MacKinnon Filip Forsberg Jordan Kyrou 60 0 2 3
2 Tyler Toffoli Dominik Simon Nikolaj Ehlers 40 0 2 3
PowerPlay Defense
Defense Defense Time % Phy DF OF
1 Seth Jones Jeremy Lauzon 60 0 2 3
2 Travis Sanheim Josh Morrissey 40 0 2 3
Penalty Kill 4 Players Forward
Center Wing Time % Phy DF OF
1 Tyler Toffoli Pierre Engvall 60 1 3 1
2 Vincent Trocheck Jujhar Khaira 40 1 3 1
Penalty Kill 4 Players Defense
Defense Defense Time % Phy DF OF
1 Cody Ceci Josh Morrissey 60 1 2 2
2 Jeremy Lauzon Travis Sanheim 40 1 2 2
Penalty Kill - 3 Players Forward
Forward Time % Phy DF OF
1 Pierre Engvall 60 1 2 2
2 Tyler Toffoli 40 1 2 2
Penalty Kill - 3 Players Defense
Defense Defense Time % Phy DF OF
1 Cody Ceci Travis Sanheim 60 1 2 2
2 Jeremy Lauzon Josh Morrissey 40 1 2 2
4 vs 4 Forward
Center Wing Time % Phy DF OF
1 Nathan MacKinnon Filip Forsberg 60 1 2 2
2 Tyler Toffoli Nikolaj Ehlers 40 1 2 2
4 vs 4 Defense
Defense Defense Time % Phy DF OF
1 Seth Jones Ethan Bear 60 1 2 2
2 Cody Ceci Travis Sanheim 40 1 2 2
Last Minutes Offensive
Center Left Wing Right Wing Defense Defense
Nathan MacKinnon Filip Forsberg Nikolaj Ehlers Seth Jones Travis Sanheim
Last Minutes Defensive
Center Left Wing Right Wing Defense Defense
Tyler Toffoli Jujhar Khaira Wayne Simmonds Seth Jones Cody Ceci
Goaltenders
Starting : Jake Oettinger
Backup : Laurent Brossoit
Extra Forwards
Normal : Jordan Kyrou, Nikolaj Ehlers, Nathan MacKinnon - PP : Rourke Chartier, Joachim Blichfeld - PK : Jujhar Khaira
Extra Defensemen
Normal : Cody Ceci, Josh Morrissey, Seth Jones - PP : Cody Ceci - PK : Seth Jones, Josh Morrissey
Penalty Shots
Jordan Kyrou, Rourke Chartier, Filip Forsberg, Joachim Blichfeld, Vincent Trocheck
Custom OT Lines Forwards
Filip Forsberg, Nathan MacKinnon, Wayne Simmonds, Nikolaj Ehlers, Tyler Toffoli, Jordan Kyrou, Vincent Trocheck, Jujhar Khaira, Joachim Blichfeld, Dominik Simon
Custom OT Lines Defensemen
Seth Jones, Travis Sanheim, Josh Morrissey, Ethan Bear, Cody Ceci
Scratches
Andrew Shaw (Healthy), David Perron (Healthy), Drew Shore (Healthy)
Oilers
5 vs 5 Forward
Center Left Wing Right Wing Time % Phy DF OF
1 Connor McDavid Leon Draisaitl Nikita Kucherov 35 1 2 2
2 Nicklas Backstrom Jason Robertson David Pastrnak 30 1 2 2
3 Frederik Gauthier Brandon Saad Andrew Mangiapane 25 1 2 2
4 Tyson Jost Adam Erne Christian Fischer 10 1 2 2
5 vs 5 Defense
Defense Defense Time % Phy DF OF
1 Brandon Montour Jamie McBain 40 1 2 2
2 Marcus Pettersson Marco Scandella 30 1 2 2
3 Philippe Myers Logan Stanley 20 1 2 2
4 Brandon Montour Jamie McBain 10 1 2 2
PowerPlay Forward
Center Left Wing Right Wing Time % Phy DF OF
1 Connor McDavid Jason Robertson David Pastrnak 60 1 2 2
2 Nicklas Backstrom Leon Draisaitl Nikita Kucherov 40 1 2 2
PowerPlay Defense
Defense Defense Time % Phy DF OF
1 Brandon Montour Marcus Pettersson 60 1 2 2
2 Jamie McBain Marco Scandella 40 1 2 2
Penalty Kill 4 Players Forward
Center Wing Time % Phy DF OF
1 Frederik Gauthier Brandon Saad 60 1 4 0
2 Nicklas Backstrom Leon Draisaitl 40 1 4 0
Penalty Kill 4 Players Defense
Defense Defense Time % Phy DF OF
1 Marco Scandella Jamie McBain 60 0 5 0
2 Marcus Pettersson Brandon Montour 40 0 5 0
Penalty Kill - 3 Players Forward
Forward Time % Phy DF OF
1 Connor McDavid 60 0 5 0
2 Nicklas Backstrom 40 0 5 0
Penalty Kill - 3 Players Defense
Defense Defense Time % Phy DF OF
1 Brandon Montour Jamie McBain 60 0 5 0
2 Marcus Pettersson Marco Scandella 40 0 5 0
4 vs 4 Forward
Center Wing Time % Phy DF OF
1 Connor McDavid Leon Draisaitl 60 1 2 2
2 Nicklas Backstrom Brandon Saad 40 1 2 2
4 vs 4 Defense
Defense Defense Time % Phy DF OF
1 Brandon Montour Jamie McBain 60 1 2 2
2 Marcus Pettersson Marco Scandella 40 1 2 2
Last Minutes Offensive
Center Left Wing Right Wing Defense Defense
Connor McDavid Leon Draisaitl David Pastrnak Brandon Montour Jamie McBain
Last Minutes Defensive
Center Left Wing Right Wing Defense Defense
Connor McDavid Leon Draisaitl David Pastrnak Brandon Montour Jamie McBain
Goaltenders
Starting : Alexandar Georgiev
Backup : Jaroslav Halak
Extra Forwards
Normal : Nicklas Backstrom, Frederik Gauthier, Brandon Saad - PP : Nicklas Backstrom, Frederik Gauthier - PK : Nicklas Backstrom
Extra Defensemen
Normal : Marco Scandella, Philippe Myers, Logan Stanley - PP : Marco Scandella - PK : Marco Scandella, Philippe Myers
Penalty Shots
Connor McDavid, David Pastrnak, Nikita Kucherov, Leon Draisaitl, Nicklas Backstrom
Custom OT Lines Forwards
Connor McDavid, David Pastrnak, Nikita Kucherov, Leon Draisaitl, Nicklas Backstrom, Frederik Gauthier, Brandon Saad, Andrew Mangiapane, Christian Fischer, Adam Erne
Custom OT Lines Defensemen
Brandon Montour, Jamie McBain, Marcus Pettersson, Marco Scandella, Philippe Myers
Scratches
Brett Lernout (Healthy), Noel Acciari (Healthy)
% Time on Ice - Blues
Lines # - Real PCT - Wanted PCT - Time Play
Normal Forward
1 - 35% - 40% - 14:57
2 - 30% - 30% - 12:48
3 - 24% - 20% - 10:31
4 - 12% - 10% - 4:59
Normal Defense
1 - 43% - 40% - 18:26
2 - 32% - 30% - 13:41
3 - 19% - 20% - 8:21
4 - 6% - 10% - 2:47
PP Forward
1 - 57% - 60% - 6:48
2 - 43% - 40% - 5:06
PP Defense
1 - 64% - 60% - 7:35
2 - 36% - 40% - 4:19
PK Forward
1 - 74% - 60% - 3:35
2 - 26% - 40% - 1:16
PK Defense
1 - 67% - 60% - 3:14
2 - 33% - 40% - 1:37
PK3 Forward
1 - 0% - 60%
2 - 0% - 40%
PK3 Defense
1 - 0% - 60%
2 - 0% - 40%
44 Forward
1 - 0% - 60%
2 - 0% - 40%
44 Defense
1 - 0% - 60%
2 - 0% - 40%
Last Minute Offensive - 0:00
Last Minute Defensive - 0:00
Total
Forward - 60:00
Defense - 60:00
|
% Time on Ice - Oilers
Lines # - Real PCT - Wanted PCT - Time Play
Normal Forward
1 - 33% - 35% - 14:05
2 - 30% - 30% - 12:52
3 - 23% - 25% - 9:50
4 - 15% - 10% - 6:28
Normal Defense
1 - 43% - 40% - 18:34
2 - 33% - 30% - 14:07
3 - 21% - 20% - 9:16
4 - 3% - 10% - 1:18
PP Forward
1 - 59% - 60% - 2:52
2 - 41% - 40% - 1:59
PP Defense
1 - 69% - 60% - 3:20
2 - 31% - 40% - 1:31
PK Forward
1 - 66% - 60% - 7:54
2 - 34% - 40% - 4:00
PK Defense
1 - 58% - 60% - 6:51
2 - 42% - 40% - 5:03
PK3 Forward
1 - 0% - 60%
2 - 0% - 40%
PK3 Defense
1 - 0% - 60%
2 - 0% - 40%
44 Forward
1 - 0% - 60%
2 - 0% - 40%
44 Defense
1 - 0% - 60%
2 - 0% - 40%
Last Minute Offensive - 0:00
Last Minute Defensive - 0:00
Total
Forward - 60:00
Defense - 60:00
|
Play-by-Play
1st period
0:01 of 1st period - Nathan MacKinnon wins face-off versus Connor McDavid in neutral zone.
0:22 of 1st period - Minor Penalty to Filip Forsberg for Holding.
0:23 of 1st period - Connor McDavid wins face-off versus Tyler Toffoli in Blues zone.
0:42 of 1st period - Jujhar Khaira is hit by Jason Robertson and loses puck.
2:22 of 1st period - Penalty to Filip Forsberg is over, Filip Forsberg is back on ice.
2:37 of 1st period - Andrew Mangiapane is hit by Travis Sanheim and loses puck.
3:39 of 1st period - Icing by Cody Ceci.
3:40 of 1st period - Connor McDavid wins face-off versus Nathan MacKinnon in Blues zone.
3:43 of 1st period - Snap shot by Christian Fischer.
3:43 of 1st period - Shot Misses the Net.
3:49 of 1st period - Wrist shot by Adam Erne.
3:49 of 1st period - Shot Misses the Net.
3:51 of 1st period - Slapshot by Tyson Jost.
3:51 of 1st period - Stopped by Jake Oettinger without a rebound.
3:52 of 1st period - Vincent Trocheck wins face-off versus Nicklas Backstrom in Blues zone.
4:09 of 1st period - Snap shot by David Pastrnak.
4:09 of 1st period - Shot Misses the Net.
4:25 of 1st period - Snap shot by Tyler Toffoli.
4:25 of 1st period - Stopped by Alexandar Georgiev without a rebound.
4:26 of 1st period - Tyler Toffoli wins face-off versus Connor McDavid in Oilers zone.
4:43 of 1st period - Wrist shot by Tyler Toffoli.
4:43 of 1st period - Shot Misses the Net.
4:55 of 1st period - Wrist shot by Tyler Toffoli.
4:55 of 1st period - Shot Misses the Net.
4:57 of 1st period - Slapshot by Dominik Simon.
4:57 of 1st period - Stopped by Alexandar Georgiev with a rebound.
4:59 of 1st period - Slapshot by Tyler Toffoli.
4:59 of 1st period - Goal by Tyler Toffoli - Blues : 1 - Oilers : 0.
5:00 of 1st period - Nicklas Backstrom wins face-off versus Nathan MacKinnon in neutral zone.
5:02 of 1st period - Minor Penalty to Jamie McBain for Cross-checking.
5:03 of 1st period - Frederik Gauthier wins face-off versus Nathan MacKinnon in Oilers zone.
7:02 of 1st period - Penalty to Jamie McBain is over, Jamie McBain is back on ice.
7:59 of 1st period - Snap shot by Christian Fischer.
7:59 of 1st period - Shot Misses the Net.
8:01 of 1st period - Snap shot by Marco Scandella.
8:01 of 1st period - Deflect By Jujhar Khaira.
8:01 of 1st period - Stopped by Jake Oettinger with a rebound.
8:07 of 1st period - Snap shot by Christian Fischer.
8:07 of 1st period - Stopped by Jake Oettinger with a rebound.
8:24 of 1st period - Off-side.
8:25 of 1st period - Nathan MacKinnon wins face-off versus Nicklas Backstrom in neutral zone.
9:17 of 1st period - Wayne Simmonds is hit by Brandon Saad and loses puck.
9:22 of 1st period - Snap shot by Frederik Gauthier.
9:22 of 1st period - Shot Blocked by Josh Morrissey.
9:24 of 1st period - Slapshot by Frederik Gauthier.
9:24 of 1st period - Goal by Frederik Gauthier - Blues : 1 - Oilers : 1.
9:25 of 1st period - Nicklas Backstrom wins face-off versus Nikolaj Ehlers in neutral zone.
9:28 of 1st period - Nathan MacKinnon is hit by Nicklas Backstrom and loses puck.
9:37 of 1st period - Wrist shot by David Pastrnak.
9:37 of 1st period - Stopped by Jake Oettinger without a rebound.
9:38 of 1st period - Connor McDavid wins face-off versus Nathan MacKinnon in Blues zone.
9:45 of 1st period - Wrist shot by Connor McDavid.
9:45 of 1st period - Shot Hit the Post.
10:01 of 1st period - Minor Penalty to Ethan Bear for Interference.
10:02 of 1st period - Jason Robertson wins face-off versus Tyler Toffoli in Blues zone.
10:05 of 1st period - Wrist shot by David Pastrnak.
10:05 of 1st period - Shot Blocked by Tyler Toffoli.
10:13 of 1st period - Wrist shot by David Pastrnak.
10:13 of 1st period - Deflect By Jason Robertson.
10:13 of 1st period - Goal by Jason Robertson - Blues : 1 - Oilers : 2.
10:14 of 1st period - Nathan MacKinnon wins face-off versus Jason Robertson in neutral zone.
11:13 of 1st period - Slapshot by Connor McDavid.
11:13 of 1st period - Stopped by Jake Oettinger with a rebound.
11:19 of 1st period - Pierre Engvall is hit by Connor McDavid and loses puck.
11:52 of 1st period - Jason Robertson is hit by Nikolaj Ehlers and loses puck.
12:22 of 1st period - Wrist shot by Brandon Saad.
12:22 of 1st period - Shot Misses the Net.
12:24 of 1st period - Snap shot by Brandon Saad.
12:24 of 1st period - Stopped by Jake Oettinger without a rebound.
12:25 of 1st period - Tyler Toffoli wins face-off versus Frederik Gauthier in Blues zone.
12:36 of 1st period - Snap shot by Jordan Kyrou.
12:36 of 1st period - Shot Misses the Net.
12:38 of 1st period - Wrist shot by Tyler Toffoli.
12:38 of 1st period - Shot Blocked by Marco Scandella.
13:09 of 1st period - Minor Penalty to Nikita Kucherov for Roughing.
13:10 of 1st period - Nathan MacKinnon wins face-off versus Frederik Gauthier in Oilers zone.
14:02 of 1st period - Brandon Montour is hit by Jordan Kyrou and loses puck.
14:14 of 1st period - Icing by Nathan MacKinnon.
14:15 of 1st period - Filip Forsberg wins face-off versus Frederik Gauthier in Blues zone.
14:32 of 1st period - Jeremy Lauzon is hit by Jamie McBain and loses puck.
15:09 of 1st period - Penalty to Nikita Kucherov is over, Nikita Kucherov is back on ice.
16:13 of 1st period - Snap shot by Connor McDavid.
16:13 of 1st period - Deflect By Leon Draisaitl.
16:13 of 1st period - Stopped by Jake Oettinger with a rebound.
16:54 of 1st period - Snap shot by Jujhar Khaira.
16:54 of 1st period - Shot Blocked by Brandon Saad.
16:56 of 1st period - Wrist shot by Jujhar Khaira.
16:56 of 1st period - Stopped by Alexandar Georgiev without a rebound.
16:57 of 1st period - Nathan MacKinnon wins face-off versus Connor McDavid in Oilers zone.
16:58 of 1st period - Wrist shot by Filip Forsberg.
16:58 of 1st period - Shot Blocked by Jamie McBain.
17:12 of 1st period - Snap shot by Nikita Kucherov.
17:12 of 1st period - Shot Misses the Net.
17:26 of 1st period - Backhand shot by Tyler Toffoli.
17:26 of 1st period - Stopped by Alexandar Georgiev with a rebound.
17:28 of 1st period - Snap shot by Jordan Kyrou.
17:28 of 1st period - Stopped by Alexandar Georgiev with a rebound.
17:45 of 1st period - Off-side.
17:46 of 1st period - Nicklas Backstrom wins face-off versus Vincent Trocheck in neutral zone.
17:56 of 1st period - Off-side.
17:57 of 1st period - Connor McDavid wins face-off versus Nathan MacKinnon in neutral zone.
18:04 of 1st period - Connor McDavid is hit by Nikolaj Ehlers and loses puck.
19:20 of 1st period - Slapshot by Jeremy Lauzon.
19:20 of 1st period - Stopped by Alexandar Georgiev without a rebound.
19:21 of 1st period - Rourke Chartier wins face-off versus Connor McDavid in Oilers zone.
19:36 of 1st period - Slapshot by Seth Jones.
19:36 of 1st period - Deflect By Wayne Simmonds.
19:36 of 1st period - Stopped by Alexandar Georgiev with a rebound.
19:38 of 1st period - Slapshot by Seth Jones.
19:38 of 1st period - Deflect By Wayne Simmonds.
19:38 of 1st period - Goal by Wayne Simmonds - Blues : 2 - Oilers : 2.
19:39 of 1st period - Nathan MacKinnon wins face-off versus Connor McDavid in neutral zone.
19:41 of 1st period - Off-side.
19:42 of 1st period - Connor McDavid wins face-off versus Nathan MacKinnon in neutral zone.
19:53 of 1st period - Snap shot by Nathan MacKinnon.
19:53 of 1st period - Stopped by Alexandar Georgiev without a rebound.
19:54 of 1st period - Nicklas Backstrom wins face-off versus Nathan MacKinnon in Oilers zone.
19:54 of 1st period - Nicklas Backstrom is hit by Ethan Bear.
Goals for this period are 2 for Blues vs 2 for Oilers.
Shots for this period are 10 for Blues vs 9 for Oilers.
2nd period
0:01 of 2nd period - Connor McDavid wins face-off versus Nathan MacKinnon in neutral zone.
0:42 of 2nd period - Dominik Simon is hit by Brandon Montour and loses puck.
1:03 of 2nd period - Backhand shot by Jordan Kyrou.
1:03 of 2nd period - Goal by Jordan Kyrou - Blues : 3 - Oilers : 2.
1:04 of 2nd period - Connor McDavid wins face-off versus Nathan MacKinnon in neutral zone.
1:07 of 2nd period - Marco Scandella is hit by Nikolaj Ehlers and loses puck.
1:36 of 2nd period - Snap shot by Tyler Toffoli.
1:36 of 2nd period - Shot Blocked by Marco Scandella.
1:44 of 2nd period - Snap shot by Dominik Simon.
1:44 of 2nd period - Stopped by Alexandar Georgiev without a rebound.
1:45 of 2nd period - Vincent Trocheck wins face-off versus Frederik Gauthier in Oilers zone.
1:46 of 2nd period - Wrist shot by Jujhar Khaira.
1:46 of 2nd period - Stopped by Alexandar Georgiev without a rebound.
1:47 of 2nd period - Vincent Trocheck wins face-off versus Frederik Gauthier in Oilers zone.
2:03 of 2nd period - Off-side.
2:04 of 2nd period - Leon Draisaitl wins face-off versus Nathan MacKinnon in neutral zone.
2:11 of 2nd period - Brandon Montour is hit by Nikolaj Ehlers and loses puck.
2:33 of 2nd period - Off-side.
2:34 of 2nd period - Nicklas Backstrom wins face-off versus Tyler Toffoli in neutral zone.
2:39 of 2nd period - Tyler Toffoli is hit by Marco Scandella and loses puck.
3:13 of 2nd period - Minor Penalty to David Pastrnak for Roughing.
3:14 of 2nd period - Frederik Gauthier wins face-off versus Nathan MacKinnon in Oilers zone.
3:22 of 2nd period - Slapshot by Jamie McBain.
3:22 of 2nd period - Shot Misses the Net.
4:40 of 2nd period - Filip Forsberg is hit by Connor McDavid and loses puck.
5:13 of 2nd period - Penalty to David Pastrnak is over, David Pastrnak is back on ice.
5:47 of 2nd period - Snap shot by Adam Erne.
5:47 of 2nd period - Stopped by Jake Oettinger without a rebound.
5:48 of 2nd period - Vincent Trocheck wins face-off versus Tyson Jost in Blues zone.
5:57 of 2nd period - Slapshot by Jujhar Khaira.
5:57 of 2nd period - Shot Blocked by Philippe Myers.
5:59 of 2nd period - Slapshot by Joachim Blichfeld.
5:59 of 2nd period - Stopped by Alexandar Georgiev with a rebound.
6:01 of 2nd period - Slapshot by Josh Morrissey.
6:01 of 2nd period - Stopped by Alexandar Georgiev without a rebound.
6:02 of 2nd period - Connor McDavid wins face-off versus Nathan MacKinnon in Oilers zone.
6:29 of 2nd period - Tyler Toffoli is hit by Brandon Saad and loses puck.
6:46 of 2nd period - Penalty Shot by Brandon Saad for Oilers.
6:46 of 2nd period - Deke by Brandon Saad.
6:46 of 2nd period - Stopped by Jake Oettinger.
6:47 of 2nd period - Nathan MacKinnon wins face-off versus Connor McDavid in Oilers zone.
6:48 of 2nd period - Snap shot by Filip Forsberg.
6:48 of 2nd period - Stopped by Alexandar Georgiev with a rebound.
7:14 of 2nd period - Nicklas Backstrom is hit by Dominik Simon.
7:15 of 2nd period - Icing by Nicklas Backstrom.
7:16 of 2nd period - Nicklas Backstrom wins face-off versus Tyler Toffoli in Oilers zone.
7:26 of 2nd period - Wrist shot by Jordan Kyrou.
7:26 of 2nd period - Shot Misses the Net.
7:38 of 2nd period - Minor Penalty to Marco Scandella for Holding.
7:39 of 2nd period - Nathan MacKinnon wins face-off versus Frederik Gauthier in Oilers zone.
7:57 of 2nd period - Off-side.
7:58 of 2nd period - Frederik Gauthier wins face-off versus Tyler Toffoli in neutral zone.
8:05 of 2nd period - Off-side.
8:06 of 2nd period - Frederik Gauthier wins face-off versus Tyler Toffoli in neutral zone.
8:12 of 2nd period - Off-side.
8:13 of 2nd period - Nathan MacKinnon wins face-off versus Frederik Gauthier in neutral zone.
9:38 of 2nd period - Penalty to Marco Scandella is over, Marco Scandella is back on ice.
9:44 of 2nd period - Icing by Leon Draisaitl.
9:45 of 2nd period - Nicklas Backstrom wins face-off versus Vincent Trocheck in Oilers zone.
9:56 of 2nd period - Wrist shot by Nikita Kucherov.
9:56 of 2nd period - Deflect By Leon Draisaitl.
9:56 of 2nd period - Stopped by Jake Oettinger without a rebound.
9:57 of 2nd period - Nathan MacKinnon wins face-off versus Andrew Mangiapane in Blues zone.
9:57 of 2nd period - Nathan MacKinnon is hit by Frederik Gauthier.
10:36 of 2nd period - Wrist shot by Jordan Kyrou.
10:36 of 2nd period - Shot Blocked by Leon Draisaitl.
11:29 of 2nd period - Tyson Jost is hit by Nikolaj Ehlers and loses puck.
11:56 of 2nd period - Slapshot by Seth Jones.
11:56 of 2nd period - Shot Blocked by Connor McDavid.
12:56 of 2nd period - Slapshot by Jamie McBain.
12:56 of 2nd period - Shot Misses the Net.
12:58 of 2nd period - Slapshot by Tyson Jost.
12:58 of 2nd period - Goal by Tyson Jost - Blues : 3 - Oilers : 3.
12:59 of 2nd period - Leon Draisaitl wins face-off versus Nathan MacKinnon in neutral zone.
13:37 of 2nd period - Snap shot by Dominik Simon.
13:37 of 2nd period - Shot Misses the Net.
13:57 of 2nd period - Snap shot by Nicklas Backstrom.
13:57 of 2nd period - Deflect By David Pastrnak.
13:57 of 2nd period - Stopped by Jake Oettinger with a rebound.
14:59 of 2nd period - Wrist shot by Frederik Gauthier.
14:59 of 2nd period - Goal by Frederik Gauthier - Blues : 3 - Oilers : 4.
15:00 of 2nd period - Connor McDavid wins face-off versus Nathan MacKinnon in neutral zone.
15:16 of 2nd period - Snap shot by Nathan MacKinnon.
15:16 of 2nd period - Goal by Nathan MacKinnon - Blues : 4 - Oilers : 4.
15:17 of 2nd period - Nathan MacKinnon wins face-off versus Connor McDavid in neutral zone.
15:20 of 2nd period - Slapshot by Seth Jones.
15:20 of 2nd period - Stopped by Alexandar Georgiev without a rebound.
15:21 of 2nd period - Leon Draisaitl wins face-off versus Nathan MacKinnon in Oilers zone.
15:26 of 2nd period - Slapshot by Brandon Montour.
15:26 of 2nd period - Shot Misses the Net.
16:24 of 2nd period - Slapshot by David Pastrnak.
16:24 of 2nd period - Stopped by Jake Oettinger with a rebound.
16:26 of 2nd period - Snap shot by David Pastrnak.
16:26 of 2nd period - Stopped by Jake Oettinger without a rebound.
16:27 of 2nd period - Connor McDavid wins face-off versus Nathan MacKinnon in Blues zone.
16:34 of 2nd period - Snap shot by Connor McDavid.
16:34 of 2nd period - Stopped by Jake Oettinger without a rebound.
16:35 of 2nd period - Nikita Kucherov wins face-off versus Nathan MacKinnon in Blues zone.
16:48 of 2nd period - Wrist shot by Filip Forsberg.
16:48 of 2nd period - Shot Misses the Net.
16:50 of 2nd period - Wrist shot by Filip Forsberg.
16:50 of 2nd period - Deflect By Nathan MacKinnon.
16:50 of 2nd period - Shot Blocked by Marco Scandella.
16:50 of 2nd period - Puck is out of play.
16:51 of 2nd period - Tyler Toffoli wins face-off versus Andrew Mangiapane in Oilers zone.
16:52 of 2nd period - Snap shot by Dominik Simon.
16:52 of 2nd period - Shot Blocked by Brandon Saad.
16:58 of 2nd period - Snap shot by Frederik Gauthier.
16:58 of 2nd period - Stopped by Jake Oettinger without a rebound.
16:59 of 2nd period - Frederik Gauthier wins face-off versus Tyler Toffoli in Blues zone.
17:04 of 2nd period - Snap shot by Andrew Mangiapane.
17:04 of 2nd period - Shot Misses the Net.
17:06 of 2nd period - Wrist shot by Brandon Saad.
17:06 of 2nd period - Shot Misses the Net.
17:08 of 2nd period - Wrist shot by Andrew Mangiapane.
17:08 of 2nd period - Shot Blocked by Ethan Bear.
17:10 of 2nd period - Snap shot by Andrew Mangiapane.
17:10 of 2nd period - Stopped by Jake Oettinger with a rebound.
17:12 of 2nd period - Wrist shot by Frederik Gauthier.
17:12 of 2nd period - Stopped by Jake Oettinger with a rebound.
17:14 of 2nd period - Snap shot by Andrew Mangiapane.
17:14 of 2nd period - Shot Misses the Net.
17:16 of 2nd period - Snap shot by Andrew Mangiapane.
17:16 of 2nd period - Shot Blocked by Dominik Simon.
17:18 of 2nd period - Slapshot by Brandon Montour.
17:18 of 2nd period - Shot Misses the Net.
17:20 of 2nd period - Wrist shot by Andrew Mangiapane.
17:20 of 2nd period - Stopped by Jake Oettinger with a rebound.
17:22 of 2nd period - Snap shot by Frederik Gauthier.
17:22 of 2nd period - Stopped by Jake Oettinger without a rebound.
17:23 of 2nd period - Nathan MacKinnon wins face-off versus Connor McDavid in Blues zone.
17:36 of 2nd period - Snap shot by Filip Forsberg.
17:36 of 2nd period - Shot Misses the Net.
17:38 of 2nd period - Snap shot by Travis Sanheim.
17:38 of 2nd period - Stopped by Alexandar Georgiev with a rebound.
17:40 of 2nd period - Slapshot by Nathan MacKinnon.
17:40 of 2nd period - Shot Misses the Net.
17:52 of 2nd period - Wrist shot by David Pastrnak.
17:52 of 2nd period - Shot Misses the Net.
18:17 of 2nd period - Snap shot by Brandon Saad.
18:17 of 2nd period - Stopped by Jake Oettinger without a rebound.
18:18 of 2nd period - Tyler Toffoli wins face-off versus Connor McDavid in Blues zone.
18:53 of 2nd period - Snap shot by Dominik Simon.
18:53 of 2nd period - Goal by Dominik Simon - Blues : 5 - Oilers : 4.
18:54 of 2nd period - Nathan MacKinnon wins face-off versus Frederik Gauthier in neutral zone.
19:21 of 2nd period - Tyler Toffoli is hit by David Pastrnak and loses puck.
19:30 of 2nd period - Snap shot by Tyler Toffoli.
19:30 of 2nd period - Deflect By Dominik Simon.
19:30 of 2nd period - Stopped by Alexandar Georgiev without a rebound.
19:31 of 2nd period - Connor McDavid wins face-off versus Nathan MacKinnon in Oilers zone.
19:53 of 2nd period - Icing by Leon Draisaitl.
19:54 of 2nd period - Tyler Toffoli wins face-off versus Frederik Gauthier in Oilers zone.
Goals for this period are 3 for Blues vs 2 for Oilers.
Shots for this period are 11 for Blues vs 14 for Oilers.
3rd period
0:01 of 3rd period - Nathan MacKinnon wins face-off versus Nicklas Backstrom in neutral zone.
0:36 of 3rd period - Icing by Marco Scandella.
0:37 of 3rd period - Connor McDavid wins face-off versus Nathan MacKinnon in Oilers zone.
0:37 of 3rd period - Connor McDavid is hit by Cody Ceci.
1:54 of 3rd period - Snap shot by Nikolaj Ehlers.
1:54 of 3rd period - Stopped by Alexandar Georgiev with a rebound.
1:56 of 3rd period - Wrist shot by Filip Forsberg.
1:56 of 3rd period - Shot Misses the Net.
1:58 of 3rd period - Snap shot by Filip Forsberg.
1:58 of 3rd period - Shot Blocked by Jamie McBain.
2:04 of 3rd period - Minor Penalty to Brandon Montour for Boarding.
2:05 of 3rd period - Filip Forsberg wins face-off versus Frederik Gauthier in Oilers zone.
2:41 of 3rd period - Wrist shot by Nikolaj Ehlers.
2:41 of 3rd period - Shot Misses the Net.
2:43 of 3rd period - Wrist shot by Dominik Simon.
2:43 of 3rd period - Stopped by Alexandar Georgiev without a rebound.
2:44 of 3rd period - Frederik Gauthier wins face-off versus Nathan MacKinnon in Oilers zone.
2:44 of 3rd period - Frederik Gauthier is hit by Nathan MacKinnon.
4:04 of 3rd period - Penalty to Brandon Montour is over, Brandon Montour is back on ice.
4:09 of 3rd period - Adam Erne is hit by Nathan MacKinnon and loses puck.
4:47 of 3rd period - Seth Jones is hit by Nicklas Backstrom.
5:16 of 3rd period - Vincent Trocheck is hit by Brandon Saad and loses puck.
6:06 of 3rd period - Jason Robertson is hit by Tyler Toffoli and loses puck.
6:49 of 3rd period - Wayne Simmonds is hit by Andrew Mangiapane and loses puck.
7:04 of 3rd period - Cody Ceci is hit by Philippe Myers and loses puck.
7:11 of 3rd period - Wrist shot by Christian Fischer.
7:11 of 3rd period - Stopped by Jake Oettinger without a rebound.
7:12 of 3rd period - Vincent Trocheck wins face-off versus Connor McDavid in Blues zone.
7:17 of 3rd period - Slapshot by Josh Morrissey.
7:17 of 3rd period - Stopped by Alexandar Georgiev with a rebound.
7:19 of 3rd period - Snap shot by Joachim Blichfeld.
7:19 of 3rd period - Shot Misses the Net.
7:21 of 3rd period - Wrist shot by Joachim Blichfeld.
7:21 of 3rd period - Stopped by Alexandar Georgiev with a rebound.
7:23 of 3rd period - Wrist shot by Vincent Trocheck.
7:23 of 3rd period - Deflect By Jujhar Khaira.
7:23 of 3rd period - Stopped by Alexandar Georgiev with a rebound.
7:25 of 3rd period - Slapshot by Josh Morrissey.
7:25 of 3rd period - Shot Blocked by Philippe Myers.
7:47 of 3rd period - Slapshot by Marcus Pettersson.
7:47 of 3rd period - Stopped by Jake Oettinger with a rebound.
7:49 of 3rd period - Wrist shot by Nicklas Backstrom.
7:49 of 3rd period - Stopped by Jake Oettinger without a rebound.
7:50 of 3rd period - Frederik Gauthier wins face-off versus Tyler Toffoli in Blues zone.
8:10 of 3rd period - Minor Penalty to Jordan Kyrou for Goalie Interference.
8:11 of 3rd period - Connor McDavid wins face-off versus Tyler Toffoli in Blues zone.
8:43 of 3rd period - Slapshot by Jamie McBain.
8:43 of 3rd period - Shot Misses the Net.
8:45 of 3rd period - Slapshot by Marco Scandella.
8:45 of 3rd period - Deflect By Leon Draisaitl.
8:45 of 3rd period - Shot Misses the Net.
8:45 of 3rd period - Puck is out of play.
8:46 of 3rd period - Tyler Toffoli wins face-off versus Connor McDavid in Blues zone.
8:46 of 3rd period - Tyler Toffoli is hit by Connor McDavid.
9:10 of 3rd period - Vincent Trocheck is hit by Leon Draisaitl and loses puck.
9:29 of 3rd period - Wrist shot by Jamie McBain.
9:29 of 3rd period - Stopped by Jake Oettinger with a rebound.
9:31 of 3rd period - Slapshot by Jamie McBain.
9:31 of 3rd period - Deflect By David Pastrnak.
9:31 of 3rd period - Goal by David Pastrnak - Blues : 5 - Oilers : 5.
9:32 of 3rd period - Nathan MacKinnon wins face-off versus Connor McDavid in neutral zone.
9:55 of 3rd period - Minor Penalty to Jamie McBain for Slashing.
9:56 of 3rd period - Nathan MacKinnon wins face-off versus Frederik Gauthier in Oilers zone.
10:13 of 3rd period - Slapshot by Seth Jones.
10:13 of 3rd period - Shot Misses the Net.
10:56 of 3rd period - Snap shot by Brandon Saad.
10:56 of 3rd period - Shot Blocked by Tyler Toffoli.
10:58 of 3rd period - Wrist shot by Nicklas Backstrom.
10:58 of 3rd period - Stopped by Jake Oettinger without a rebound.
10:59 of 3rd period - Nicklas Backstrom wins face-off versus Dominik Simon in Blues zone.
11:20 of 3rd period - Snap shot by Filip Forsberg.
11:20 of 3rd period - Stopped by Alexandar Georgiev without a rebound.
11:21 of 3rd period - Frederik Gauthier wins face-off versus Nathan MacKinnon in Oilers zone.
11:55 of 3rd period - Penalty to Jamie McBain is over, Jamie McBain is back on ice.
12:00 of 3rd period - Snap shot by Nathan MacKinnon.
12:00 of 3rd period - Stopped by Alexandar Georgiev without a rebound.
12:01 of 3rd period - Nicklas Backstrom wins face-off versus Joachim Blichfeld in Oilers zone.
13:30 of 3rd period - Nikolaj Ehlers is hit by Nicklas Backstrom and loses puck.
13:37 of 3rd period - Wrist shot by David Pastrnak.
13:37 of 3rd period - Shot Misses the Net.
13:39 of 3rd period - Snap shot by David Pastrnak.
13:39 of 3rd period - Deflect By Filip Forsberg.
13:39 of 3rd period - Shot Misses the Net.
13:39 of 3rd period - Puck is out of play.
13:40 of 3rd period - Tyler Toffoli wins face-off versus Nikita Kucherov in Blues zone.
14:15 of 3rd period - Slapshot by Travis Sanheim.
14:15 of 3rd period - Stopped by Alexandar Georgiev with a rebound.
14:17 of 3rd period - Wrist shot by Cody Ceci.
14:17 of 3rd period - Shot Misses the Net.
14:27 of 3rd period - Travis Sanheim is hit by Jason Robertson and loses puck.
14:53 of 3rd period - Icing by Marcus Pettersson.
14:54 of 3rd period - Nicklas Backstrom wins face-off versus Tyler Toffoli in Oilers zone.
14:54 of 3rd period - Nicklas Backstrom is hit by Seth Jones.
15:00 of 3rd period - Jordan Kyrou is hit by Jason Robertson and loses puck.
15:07 of 3rd period - Wrist shot by Seth Jones.
15:07 of 3rd period - Shot Blocked by Marcus Pettersson.
15:09 of 3rd period - Slapshot by Seth Jones.
15:09 of 3rd period - Shot Misses the Net.
15:21 of 3rd period - David Pastrnak is hit by Wayne Simmonds and loses puck.
15:32 of 3rd period - Wrist shot by Nicklas Backstrom.
15:32 of 3rd period - Shot Blocked by Ethan Bear.
15:34 of 3rd period - Slapshot by Marcus Pettersson.
15:34 of 3rd period - Shot Blocked by Wayne Simmonds.
15:36 of 3rd period - Slapshot by Marco Scandella.
15:36 of 3rd period - Shot Misses the Net.
15:38 of 3rd period - Wrist shot by Jason Robertson.
15:38 of 3rd period - Shot Hit the Post.
15:40 of 3rd period - Slapshot by Marco Scandella.
15:40 of 3rd period - Stopped by Jake Oettinger with a rebound.
15:42 of 3rd period - Wrist shot by Jason Robertson.
15:42 of 3rd period - Stopped by Jake Oettinger without a rebound.
15:43 of 3rd period - Frederik Gauthier wins face-off versus Vincent Trocheck in Blues zone.
15:44 of 3rd period - Snap shot by Brandon Saad.
15:44 of 3rd period - Stopped by Jake Oettinger without a rebound.
15:45 of 3rd period - Vincent Trocheck wins face-off versus Frederik Gauthier in Blues zone.
15:45 of 3rd period - Vincent Trocheck is hit by Frederik Gauthier.
15:51 of 3rd period - Slapshot by Josh Morrissey.
15:51 of 3rd period - Stopped by Alexandar Georgiev without a rebound.
15:52 of 3rd period - Frederik Gauthier wins face-off versus Vincent Trocheck in Oilers zone.
15:59 of 3rd period - Josh Morrissey is hit by Brandon Saad and loses puck.
16:58 of 3rd period - Slapshot by Joachim Blichfeld.
16:58 of 3rd period - Stopped by Alexandar Georgiev without a rebound.
16:59 of 3rd period - Connor McDavid wins face-off versus Rourke Chartier in Oilers zone.
17:04 of 3rd period - Nikita Kucherov is hit by Pierre Engvall.
17:26 of 3rd period - Nikolaj Ehlers is hit by Nicklas Backstrom and loses puck.
17:33 of 3rd period - Slapshot by Ethan Bear.
17:33 of 3rd period - Shot Blocked by Jason Robertson.
18:08 of 3rd period - Wrist shot by Tyson Jost.
18:08 of 3rd period - Stopped by Jake Oettinger without a rebound.
18:09 of 3rd period - Nicklas Backstrom wins face-off versus Nathan MacKinnon in Blues zone.
18:14 of 3rd period - Wrist shot by David Pastrnak.
18:14 of 3rd period - Shot Blocked by Ethan Bear.
18:16 of 3rd period - Slapshot by Jamie McBain.
18:16 of 3rd period - Deflect By Jason Robertson.
18:16 of 3rd period - Goal by Jason Robertson - Blues : 5 - Oilers : 6.
18:17 of 3rd period - Frederik Gauthier wins face-off versus Vincent Trocheck in neutral zone.
18:40 of 3rd period - Minor Penalty to Ethan Bear for Hooking.
18:41 of 3rd period - Connor McDavid wins face-off versus Tyler Toffoli in Blues zone.
18:58 of 3rd period - Slapshot by David Pastrnak.
18:58 of 3rd period - Deflect By Jason Robertson.
18:58 of 3rd period - Shot Blocked by Cody Ceci.
18:58 of 3rd period - Puck is out of play.
18:59 of 3rd period - Paul Kariya call a timeout for Blues.
18:59 of 3rd period - Connor McDavid wins face-off versus Pierre Engvall in Blues zone.
19:46 of 3rd period - Jamie McBain is hit by Tyler Toffoli and loses puck.
19:59 of 3rd period - Jeremy Lauzon is hit by Marco Scandella and loses puck.
Goals for this period are 0 for Blues vs 2 for Oilers.
Shots for this period are 10 for Blues vs 11 for Oilers.